 Dungeon Crawl Stone Soup version 0.25-a0-578-gc91f01c39c (webtiles) character file.

Game seed: 8446764683843041454, levelgen mode: deterministic

55 An17 the Insei (level 3, -3/17 HPs)
             Began as a Vine Stalker Transmuter on Mar 7, 2020.
             Slain by an orc (4 damage)
             ... on level 2 of the Dungeon.
             The game lasted 00:04:33 (1297 turns).

An17 the Insei (Vine Stalker Transmuter)            Turns: 1297, Time: 00:04:33

Health: -3/17      AC:  2    Str: 12    XL:     3   Next: 93%
Magic:  0/8        EV: 19    Int: 14    God:
Gold:   63         SH:  0    Dex: 19    Spells: 1/7 levels left

rFire    . . .     SeeInvis .     - Unarmed
rCold    . . .     Gourm    .   (shield currently unavailable)
rNeg     . . .     Faith    .   (armour currently unavailable)
rPois    x         Spirit   +   (helmet currently unavailable)
rElec    .         Reflect  .   (cloak currently unavailable)
rCorr    .         Harm     .   (gloves currently unavailable)
MR       .....                  (boots currently unavailable)
Stlth    ++........             (no amulet)
HPRegen  0.05/turn              i - ring of wizardry
MPRegen  0.11/turn              (no ring)

@: spider-form (expiring)
A: tiny, magic shield, no potion heal 3, rot immunity
a: End Transformation


You were on level 2 of the Dungeon.
You were not hungry.
You were a venomous arachnid creature.
You visited 1 branch of the dungeon, and saw 2 of its levels.

You collected 63 gold pieces.

Inventory:

Missiles
 a - 12 arrows
Armour
 b - a +0 robe (melded)
 g - a +0 ring mail
 j - a +0 leather armour
Jewellery
 i - a ring of wizardry (left front leg)
Wands
 e - a wand of flame (26)
Scrolls
 c - 4 scrolls of enchant armour
 m - a scroll of amnesia
Potions
 f - a potion of ambrosia
 h - a potion of haste {unknown}
 k - a potion of curing {unknown}
 l - a potion of mutation {unknown}
Comestibles
 d - 3 rations


   Skills:
 + Level 0.9 Fighting
 + Level 1.8 Dodging
 + Level 3.8 Unarmed Combat
 + Level 2.9 Spellcasting
 + Level 2.4 Transmutations


You had one spell level left.
You knew the following spells:

 Your Spells              Type           Power        Failure   Level  Hunger
a - Beastly Appendage     Tmut           #.....       9%          1    #......
b - Sticks to Snakes      Tmut           #.......     12%         2    ##.....
c - Spider Form           Tmut/Pois      #.........   28%         3    ###....

Your spell library contained the following spells:

 Spells                   Type           Power        Failure   Level  Hunger
 Ice Form                 Ice/Tmut       #.......     61%         4    #####..
 Blade Hands              Tmut           #.........   77%         5    ######.


Dungeon Overview and Level Annotations

Branches:
Dungeon (2/15)

Altars:


Innate Abilities, Weirdness & Mutations

((You have extremely sharp teeth.))
When hurt, damage is shared between your health and your magic reserves.
((Your bite disrupts and absorbs the magic of your enemies.))
Potions cannot restore your health.
You are immune to rotting.


Message History

The orc priest is lightly wounded.
The orc priest completely misses you. The hobgoblin misses you.
You hit the orc priest but do no damage.
The orc priest looks as sick as possible!
The orc priest is moderately wounded.
The hobgoblin closely misses you.
You hit the orc priest.
The orc priest is moderately wounded.
The orc priest mumbles some strange prayers to Beogh against you.
Beogh smites you!
Ouch! That really hurt!
The orc misses you. The hobgoblin closely misses you.
The orc hits you with a +0 flail.
* * * LOW HITPOINT WARNING * * *
You hit the orc priest.
The orc priest looks as sick as possible!
The orc priest is almost dead.
You kill the orc priest!
The orc hits you.
You die...

......#### #.## *,*
.........# #..### *,*
.........# #....# *,*
.........# #....# *,*
.........#####....# *,*
###...............# *,*
##.......###.....# *,*
#........#....$..# *,*
#.###########.os[# *,*
#.* #.ogo# *,* #.*
#..K.# *,* #.*
####.#**,** #.*
*,..,,,,* *,* *,...,,,*
**,********* *,<..$,,*
,,,,,,,,,,,*****,....,,*
,,,,,,,,,,,,,,,,,,,,,,,*


You could see an orc priest, 2 orcs, a hobgoblin and a kobold.

Vanquished Creatures
  An orc priest (D:2)
  An adder (D:2)
  A dart slug (D:2)
  An orc (D:2)
  2 bats (D:1)
  2 giant cockroaches (D:1)
  4 hobgoblins
  2 frilled lizards
  A rat (D:2)
15 creatures vanquished.

Notes
Turn   | Place    | Note
-------+----------+-------------------------------------------
     0 | D:1      | An17 the Vine Stalker Transmuter began the quest for the
                  | Orb.
     0 | D:1      | Reached XP level 1. HP: 9/9 MP: 4/4
   236 | D:1      | Reached XP level 2. HP: 14/14 MP: 6/6
   240 | D:1      | Learned a level 2 spell: Sticks to Snakes
  1020 | D:2      | Reached XP level 3. HP: 4/17 MP: 7/7
  1027 | D:2      | Learned a level 3 spell: Spider Form
  1297 | D:2      | Slain by an orc

Levels and vault maps discovered:
D:1:      sevenhm_arrival_forest_fort_small_6, layout_loops_corners,
          minmay_unequal
D:2:      layout_basic, nicolae_overflow_crystal_walls,
          yredelemnul_altar_generic, first_ration

Action                   || total
-------------------------++-------
Melee: Unarmed           ||    52
       Bite              ||    12
       Kick              ||     4
       Headbutt          ||     5
 Cast: Beastly Appendage ||     9
       Spider Form       ||     1
  Use: Scroll            ||     5
 Stab: Sleeping          ||     1
  Eat: Ration            ||     1
Armor: Robe              ||     5
Dodge: Dodged            ||    31

Table legend:
 A = Non-vault XP
 B = Vault XP
 C = Vault XP percentage of total XP
 D = Non-vault monster count
 E = Vault monster count
 F = Vault count percentage of total count
                 A         B        C        D         E       F
            +---------+---------+-------+---------+---------+-------
      Total |      76 |       3 |   3.8 |      13 |       2 |  13.3
            +---------+---------+-------+---------+---------+-------
        D:1 |      12 |       3 |  20.0 |       6 |       2 |  25.0
        D:2 |      64 |       0 |   0.0 |       7 |       0 |   0.0
            +---------+---------+-------+---------+---------+-------
